 Dungeon Crawl Stone Soup version 0.21.1-1-g345015fe64 (webtiles) character file.

113 Hercules1031 the Skirmisher (level 4, -2/37 HPs)
             Began as a Demonspawn Chaos Knight on June 9, 2018.
             Slain by a worm (10 damage)
             ... on level 3 of the Dungeon.
             The game lasted 00:10:50 (1491 turns).

Hercules1031 the Skirmisher (DsCK)                  Turns: 1491, Time: 00:10:53

Health: -2/37      AC:  5    Str: 13    XL:     4   Next: 65%
Magic:  4/4        EV: 11    Int: 13    God:    Xom [.....*]
Gold:   131        SH:  0    Dex: 13    Spells: 3/3 levels left

rFire    + . .     SeeInvis .   a - +1 mace (chaos)
rCold    + . .     Gourm    .   (no shield)
rNeg     . . .     Faith    .   b - +2 leather armour
rPois    .         Spirit   .   (helmet restricted)
rElec    .         Reflect  .   (no cloak)
rCorr    .         Harm     .   (no gloves)
MR       .....                  (no boots)
Stlth    +.........             (no amulet)
HPRegen  0.12/turn              g - ring of protection from cold
MPRegen  0.09/turn              (no ring)

@: no status effects
A: claws 1, horns 1, fire resistance 1, spiny 1, evolution 1
a: Renounce Religion


You were on level 3 of the Dungeon.
You worshipped Xom.
You were Xom's teddy bear.
You were full.

You visited 1 branch of the dungeon, and saw 3 of its levels.

You collected 131 gold pieces.

Inventory:

Hand Weapons
 a - a +1 mace of chaos (weapon)
 e - a +0 war axe
 l - a cursed -3 whip
 n - a +2 spear of flaming
Armour
 b - a +2 leather armour (worn)
Jewellery
 d - a cursed ring of teleportation {unknown}
 g - a ring of protection from cold (left claw)
 i - a cursed ring of loudness {unknown}
 k - a cursed -6 ring of intelligence
Scrolls
 f - 2 scrolls of enchant armour {unknown}
Potions
 h - 2 potions of might {unknown}
 j - a potion of flight {unknown}
 m - a potion of magic {unknown}
Comestibles
 c - 2 rations


   Skills:
 * Level 4.1 Fighting
 + Level 3.2 Maces & Flails
 * Level 3.1 Armour
 - Level 0.8 Dodging


You had 3 spell levels left.
You didn't know any spells.

Dungeon Overview and Level Annotations

Branches:
Dungeon (3/15)

Altars:


Innate Abilities, Weirdness & Mutations

You are partially covered in sharp spines.
You have sharp fingernails.
You have a pair of small horns on your head.
Your flesh is heat resistant. (rF+)
You evolve.


Message History

The centaur shoots an arrow.
The arrow hits you! The hobgoblin is struck by your spines.
The hobgoblin hits you.
You hit the hobgoblin but do no damage. You drain the hobgoblin!
The hobgoblin is almost dead.
The centaur shoots an arrow.
The arrow hits you. The hobgoblin misses you.
You hit the hobgoblin but do no damage.
The hobgoblin is almost dead.
The centaur shoots an arrow.
The arrow barely misses you. The hobgoblin closely misses you.
You hit the hobgoblin.
You kill the hobgoblin!
The centaur shoots an arrow.
The arrow hits you.
The centaur shoots an arrow.
The arrow hits you.
You hit the worm.
You feel better.
The worm is lightly wounded.
The centaur shoots an arrow.
The arrow hits you.
* * * LOW HITPOINT WARNING * * *
The worm is struck by your spines. The worm bites you!
You die...
Xom thinks this is hilarious!

###...###.#
.......# #...# #.#
.#.#..## ##.## #.#
......# #.# #.##
#.##(.# #†# #..#
#.#.(.## #.# ##^#
#......## #.# #.#
###.#.w.....###.#
#.#
#.....@.(.......#
#.#
#...........#####
#..
......c..........
###
##..?<.......###.#
#..[...#...##
###/##.##.## #.
.....# ####.####


You could see a centaur and a worm.

Vanquished Creatures
  A worker ant (D:2)
  2 adders (D:2)
  2 oozes
  2 worms (D:2)
  3 leopard geckos (D:1)
  An orc (D:3)
  2 ball pythons
  11 bats
  2 giant cockroaches (D:1)
  6 goblins
  5 hobgoblins
  4 jackals
  5 frilled lizards
  3 kobolds
  6 rats
55 creatures vanquished.

Notes
Turn   | Place    | Note
-------+----------+-------------------------------------------
     0 | D:1      | Hercules1031 the Demonspawn Chaos Knight began the quest for the Orb.
     0 | D:1      | Reached XP level 1. HP: 18/18 MP: 1/1
     6 | D:1      | XOM: harmless Tloc miscast
   108 | D:1      | Gained mutation: You are partially covered in sharp spines. [demonic ancestry]
   108 | D:1      | Reached XP level 2. HP: 24/24 MP: 2/2
   163 | D:1      | XOM: cloud trail
   439 | D:1      | Reached XP level 3. HP: 27/29 MP: 3/3
   585 | D:2      | XOM: silly message
   586 | D:2      | XOM: potion effect (brilliance)
   842 | D:2      | XOM: harmless Air miscast
   955 | D:2      | Reached XP level 4. HP: 30/37 MP: 4/4
   970 | D:2      | Reached skill level 4 in Fighting
  1264 | D:2      | XOM: give mutations
  1264 | D:2      | Gained mutation: Your flesh is heat resistant. (rF+) [Xom's grace]
  1264 | D:2      | Gained mutation: You evolve. [Xom's grace]
  1264 | D:2      | Gained mutation: You have a pair of small horns on your head. [Xom's grace]
  1264 | D:2      | Gained mutation: You have sharp fingernails. [Xom's grace]
  1484 | D:3      | Noticed a centaur
  1491 | D:3      | Slain by a worm

Skill      XL: |  1  2  3  4 |
---------------+-------------+-----
Armour         | 2 3 |  3.1
Maces & Flails | 3 |  3.2
Fighting       | 4 |  4.1
Dodging        | |  0.8

Action                   |  1- 3 |  4- 6 || total
-------------------------+-------+-------++-------
Melee: Mace              |    79 |    18 ||    97
       Headbutt          |       |     1 ||     1
  Use: Scroll            |     5 |       ||     5
  Eat: Ration            |       |     2 ||     2
Armor: Leather armour    |    48 |     3 ||    51
Dodge: Dodged            |    66 |    14 ||    80
